 Dungeon Crawl Stone Soup version 0.28.0-62-gf88900778d (webtiles) character file.

Game seed: 12251461516451674727

7025 jjjjhere the Basher (level 11, -18/62 HPs)
             Began as a Gargoyle Abyssal Knight on Mar 30, 2023.
             Was an Elder of Lugonu.
             Killed from afar by Erica (26 damage)
             ... with a lance of force
             ... on level 8 of the Dungeon.
             The game lasted 00:24:23 (16147 turns).

jjjjhere the Basher (Gargoyle Abyssal Knight)      Turns: 16147, Time: 00:24:24

Health: -18/62     AC: 21    Str: 22    XL:     11   Next: 8%
Magic:  17/17      EV: 10    Int: 13    God:    Lugonu [****..]
Gold:   444        SH: 11    Dex: 10    Spells: 5/10 levels left

rFire   + + .      SeeInvis .   a - +1 mace
rCold   . . .      Faith    .   c - +1 kite shield
rNeg    + . .      Spirit   .   p - +0 chain mail
rPois   ∞          Reflect  .   x - +2 hat
rElec   +          Harm     .   (no cloak)
rCorr   +          Rampage  .   w - +2 pair of gloves
Will    .....                   (no boots)
Stlth   ..........              u - amulet of magic regeneration
HPRegen 0.20/turn               t - ring "Teipp" {rF+ rCorr EV+4 Str+3}
MPRegen 0.55/turn               e - ring of protection from fire

@: slowed, very slow
A: sickness immunity, AC +8, negative energy resistance 1, electricity
resistance, torment resistance 1, petrification resistance
a: Renounce Religion, Depart the Abyss, Bend Space, Banish, Corrupt


You were on level 8 of the Dungeon.
You worshipped Lugonu.
Lugonu was greatly pleased with you.
You visited 2 branches of the dungeon, and saw 10 of its levels.
You visited the Abyss 1 time.

You collected 444 gold pieces.

Inventory:

Hand Weapons
 a - a +1 mace (weapon)
Missiles
 d - 12 poisoned darts (quivered)
 j - 2 throwing nets
Armour
 c - a +1 kite shield (worn)
 p - a +0 chain mail (worn)
 w - a +2 pair of gloves (worn)
 x - a +2 hat (worn)
Jewellery
 e - a ring of protection from fire (right hand)
 t - the ring "Teipp" (left hand) {rF+ rCorr EV+4 Str+3}
   (You found it on level 4 of the Dungeon)

   [ring of evasion]

   EV:        It affects your evasion (+4).
   Str:       It affects your strength (+3).
   rF:        It protects you from fire.
   rCorr:     It protects you from acid and corrosion.
 u - an amulet of magic regeneration (around neck)
Wands
 q - a wand of digging (8)
 s - a wand of mindburst (9)
 B - a wand of flame (4)
Scrolls
 b - a scroll of holy word
 f - 2 scrolls of fear
 i - a scroll of enchant weapon
 k - 2 scrolls of blinking
 l - 2 scrolls of teleportation
 y - a scroll of identify
 A - a scroll of magic mapping
Potions
 g - a potion of flight
 h - 6 potions of might
 m - a potion of attraction {unknown}
 n - 2 potions of brilliance
 o - a potion of berserk rage
 r - a potion of degeneration {unknown}
 v - 3 potions of ambrosia {unknown}
 z - a potion of curing
 C - 2 potions of heal wounds


   Skills:
 - Level 4.8 Fighting
 + Level 11.1 Maces & Flails
 - Level 2.1 Armour
 - Level 0.7 Dodging
 + Level 10.1 Shields
 - Level 9.1 Invocations


You had 5 spell levels left.
You knew the following spells:

 Your Spells              Type           Power      Damage    Failure   Level
a - Borgnjor's Vile Clut  Necr/Erth      0%         N/A       100%        5

Your spell library contained the following spells:

 Spells                   Type           Power      Damage    Failure   Level
 Animate Skeleton         Necr           0%         N/A       99%         1
 Apportation              Tloc           0%         N/A       99%         1
 Sting                    Tmut/Pois      0%         1d3       99%         1
 Summon Small Mammal      Summ           0%         N/A       99%         1
 Blink                    Tloc           0%         N/A       100%        2
 Corpse Rot               Necr/Air       0%         N/A       100%        2
 Poisonous Vapours        Pois/Air       0%         N/A       100%        2
 Scorch                   Fire           0%         2d5       100%        2
 Lesser Beckoning         Tloc           0%         N/A       100%        3
 Animate Dead             Necr           0%         N/A       100%        4
 Dispel Undead            Necr           0%         3d6       100%        4
 Flame Wave               Conj/Fire      0%         2d4       100%        4
 Olgreb's Toxic Radiance  Pois           0%         N/A       100%        4
 Alistair's Intoxication  Tmut/Pois      0%         N/A       100%        5
 Manifold Assault         Tloc           0%         N/A       100%        5
 Death Channel            Necr           0%         N/A       100%        6
 Eringya's Noxious Bog    Tmut/Pois      0%         N/A       100%        6
 Summon Cactus Giant      Summ           0%         N/A       100%        6
 Malign Gateway           Summ/Tloc      0%         N/A       100%        7
 Summon Horrible Things   Summ           0%         N/A       100%        8


Dungeon Overview and Level Annotations

Branches:
Dungeon (9/15)             Temple (1/1) D:7
   Lair: D:8-11         Orc: D:9-12

Altars:
Cheibriados
Elyvilon
Fedhas
Kikubaaqudgha
Makhleb
Nemelex Xobeh
Okawaru
Qazlal
Ru
Sif Muna
Trog
Uskayaw
Vehumet
Yredelemnul
Zin

Annotations:
D:4 1 exclusion
D:7 3 runed translucent doors, Jingleheimer's ghost, novice FeSu; bronco's ghost, novice SpEn
D:9 Erica


Innate Abilities, Weirdness & Mutations

You are immune to sickness and miasma.
Your stone body is resilient. (AC +8)
You are immune to poison.
You resist negative energy. (rN+)
You are resistant to electric shocks. (rElec)
You are resistant to unholy torment.
You are immune to petrification.


Message History

Aiming: Mindburst
Press: ? - help, Shift-Dir - straight line, f - Erica
Aim: Erica, wielding a +4 scimitar of flaming and wearing a +0 robe (wandering, hasn't noticed you, chance to affect: 29%) Erica shouts!
Erica's mind is blasted!
Erica laughs wildly.
Erica casts a spell at you.
You feel yourself slow down.
Erica gestures wildly while chanting.
Erica flickers and vanishes!
Deactivating autopickup; reactivate with Ctrl-A.
There is a stone staircase leading up here.
You hear some strange, mumbled words.
You feel as though you will be slow longer.
Something hits you but does no damage.
You climb upwards.
Reactivating autopickup.
There is a stone staircase leading down here.
You start waiting.
Something hits you but does no damage.
Deactivating autopickup; reactivate with Ctrl-A.
Something hits you but does no damage. Something hits you! Something burns you.
Something hits you!
You hear some strange, mumbled words.
Something tries to affect you, but you resist.
Something hits you!
You hear some strange, mumbled words.
Something tries to affect you, but you resist.
Something hits you but does no damage. Something hits you but does no damage.
You hear some strange, mumbled words.
A lance of force appears from out of thin air!
The lance of force hits you!!
Ouch! That really hurt!
* * * LOW HITPOINT WARNING * * *
You are knocked back by the lance of force.
You slam into the rock wall!
You hear some strange, mumbled words.
A lance of force appears from out of thin air!
The lance of force hits you!!
You die...

......# #........##
##........... ......#
#.......## #............
......# ##....###
##............ ......#
#..#.## ##.............
#.....#
#####.####.............#
#######
#..##.............##
##.[#............##
#)[..{.........##
##@.#.........##
#...##......##
##...###..### #
#....##### ## ##....##
##. ##....### ##..
#......#####...
#.............. ######
##..............


There were no monsters in sight!

Vanquished Creatures
  4 slime creatures
  Grum (D:5)
  A steam dragon (D:8)
  Menkaure (D:6)
  A water moccasin (D:6)
  3 black bears
  5 ice beasts
  A necrophage (D:4)
  2 orc warriors (D:6)
  A sky beast (D:5)
  A centaur (D:6)
  A phantom (D:5)
  A wolf (D:5)
  A kobold brigand (D:7)
  4 gnoll sergeants
  2 bullfrogs
  A scorpion (D:4)
  2 wyvern skeletons (D:7)
  A wyvern zombie (D:5)
  5 killer bees (D:8)
  19 wights
  3 howler monkeys
  A centaur zombie (D:8)
  A jelly (D:4)
  A centaur skeleton (D:6)
  15 hounds
  5 iguanas
  6 gnoll shamans
  6 orc wizards
  6 adders
  31 gnolls
  2 river rats (D:6)
  A shadow imp (D:6)
  A white imp (D:7)
  An adder skeleton (D:4)
  5 worms
  2 dart slugs (D:2)
  32 orcs
  10 bats
  7 endoplasms
  3 giant cockroaches
  7 hobgoblins
  8 jackals
  16 kobolds
  4 quokkas
  11 ball pythons
  4 frilled lizards
  6 goblins
  10 rats
  A spectral kobold (D:2)
264 creatures vanquished.

Vanquished Creatures (others)
  A sky beast (D:7)
  A bullfrog (D:9)
  6 withered plants (D:7)
8 creatures vanquished.

Grand Total: 272 creatures vanquished

Notes
Turn   | Place    | Note
-------+----------+-------------------------------------------
     0 | Abyss:1  | jjjjhere the Gargoyle Abyssal Knight began the quest for
                  | the Orb.
     0 | Abyss:1  | Reached XP level 1. HP: 14/14 MP: 2/2
    50 | Abyss:1  | Noticed a small abomination
    51 | D:1      | Escaped the Abyss
   282 | D:1      | Reached XP level 2. HP: 19/19 MP: 3/3
   741 | D:1      | Reached skill level 3 in Maces & Flails
   751 | D:1      | Reached XP level 3. HP: 24/24 MP: 4/4
   751 | D:1      | Reached * piety under Lugonu
  1011 | D:2      | HP: 7/24 [worm (5)]
  1013 | D:2      | HP: 2/24 [worm (6)]
  1487 | D:2      | Reached XP level 4. HP: 27/29 MP: 5/5
  1605 | D:2      | Found a faded altar of an unknown god.
  2473 | D:3      | Reached skill level 4 in Maces & Flails
  2697 | D:3      | Reached ** piety under Lugonu
  3169 | D:3      | Reached XP level 5. HP: 22/34 MP: 6/6
  3864 | D:3      | HP: 6/34 [gnoll shaman/+0 whip (11)]
  3865 | D:3      | HP: 1/34 [gnoll shaman/+0 whip (4)]
  4184 | D:3      | Reached skill level 5 in Maces & Flails
  4184 | D:3      | Reached XP level 6. HP: 29/40 MP: 7/7
  4326 | D:4      | Noticed a necrophage
  4359 | D:4      | Killed a necrophage
  4488 | D:4      | Noticed a black bear
  4555 | D:4      | Killed a black bear
  4556 | D:4      | Reached skill level 6 in Maces & Flails
  4611 | D:4      | Reached XP level 7. HP: 44/44 MP: 9/9
  4935 | D:4      | Found a shimmering blue altar of Sif Muna.
  5121 | D:4      | Identified the ring "Teipp" {rF+ rCorr EV+4 Str+3}
  5338 | D:4      | Learned a level 5 spell: Borgnjor's Vile Clutch
  5355 | D:5      | Entered Level 5 of the Dungeon
  5640 | D:5      | Reached skill level 7 in Maces & Flails
  5646 | D:5      | Reached *** piety under Lugonu
  5861 | D:5      | Noticed Grum
  6025 | D:5      | Killed Grum
  6026 | D:5      | Reached XP level 8. HP: 24/48 MP: 11/11
  6367 | D:5      | Reached skill level 5 in Invocations
  6635 | D:5      | Reached skill level 1 in Shields
  6836 | D:5      | Reached skill level 8 in Maces & Flails
  8078 | D:4      | Reached XP level 9. HP: 28/53 MP: 13/13
  8755 | D:4      | Reached skill level 5 in Shields
  8874 | D:5      | Reached **** piety under Lugonu
  9561 | D:6      | Noticed Menkaure
  9569 | D:6      | Killed Menkaure
  9653 | D:6      | Reached skill level 9 in Maces & Flails
 10662 | D:6      | Reached XP level 10. HP: 51/58 MP: 15/15
 11110 | D:7      | Found a runed translucent gate.
 11110 | D:7      | Found a runed translucent gate.
 11110 | D:7      | Found a runed translucent gate.
 11114 | D:7      | Noticed Jingleheimer's ghost (novice FeSu)
 11114 | D:7      | Noticed bronco's ghost (novice SpEn)
 11191 | D:7      | HP: 17/58 [orc warrior/+0 glaive (14)]
 11774 | D:7      | Noticed a green ugly thing
 11775 | D:7      | Found a burning altar of Makhleb.
 11791 | D:6      | Banished a green ugly thing
 12237 | D:7      | Found an ancient bone altar of Kikubaaqudgha.
 12240 | D:7      | Found a radiant altar of Vehumet.
 12244 | D:7      | Found an iron altar of Okawaru.
 12246 | D:7      | Found a blossoming altar of Fedhas.
 12262 | D:7      | Found a sacrificial altar of Ru.
 12263 | D:7      | Found a hide-covered altar of Uskayaw.
 12263 | D:7      | Found a stormy altar of Qazlal.
 12268 | D:7      | Found a snail-covered altar of Cheibriados.
 12271 | D:7      | Found a basalt altar of Yredelemnul.
 12657 | D:6      | Reached skill level 10 in Maces & Flails
 12843 | D:7      | Found a staircase to the Ecumenical Temple.
 12889 | Temple   | Entered the Ecumenical Temple
 13526 | D:7      | Found a white marble altar of Elyvilon.
 13536 | D:7      | HP: 17/58 [steam dragon/ball of steam (8)]
 13539 | D:7      | HP: 6/58 [wyvern skeleton (11)]
 13561 | D:7      | HP: 1/58 [wyvern skeleton (9)]
 15160 | D:8      | Reached XP level 11. HP: 44/62 MP: 17/17
 15821 | D:8      | Reached skill level 11 in Maces & Flails
 15821 | D:8      | Reached skill level 10 in Shields
 16000 | D:9      | Noticed Erica
 16147 | D:8      | HP: 8/62 [something/lance of force (31)]
 16147 | D:8      | Killed from afar by Erica

Illustrated notes

Levels and vault maps discovered:
D:1:      amcnicky_arrival_choice, layout_rooms, minmay_misc_feat_cross
D:2:      layout_basic, dreamdust_ecumenical_altar_drowned_temple, hex_large,
          minmay_misc_feat_roman, grunt_ministairs_1
D:3:      layout_basic, due_unseen_surprise
D:4:      layout_layer_cave, tgw_sif
D:5:      layout_cave_pools, serial_gnoll_camp, gnoll_camp_huts_basic,
          gnoll_camp_mini_hut, gnoll_camp_mini_hut, gnoll_camp_medium_02,
          grums_kennel, minmay_circle_x
D:6:      layout_rooms, portal_sewer_entry_b,
          hangedman_abyss_or_decor_jellyfish_corner, minmay_misc_feat_chi,
          hangedman_decor_opposing, uniq_menkaure
D:7:      layout_rooms, nicolae_overflow_hallway_of_the_gods,
          minmay_temple_entry_glass, gammafunk_ghost_cemetery, enter_bailey_8,
          hangedman_feature_mirror, grunt_ministairs_1
D:8:      layout_cave_pods
D:9:      layout_layer_cave, hangedman_abyss_or_decor_lesser_grid, uniq_erica,
          uniq_erolcha
Temple:   dpeg_chambers_temple

Skill      XL: |  1  2  3  4  5  6  7  8  9 10 11 |
---------------+----------------------------------+-----
Maces & Flails | 3 4 5 6 7 8 9 10 11 | 11.1
Fighting       | 4 |  4.8
Invocations    | 3 4 6 7 9 |  9.1
Shields        | 4 7 9 10 | 10.1
Armour         | |  2.1
Dodging        | |  0.7

Action                   |  1- 3 |  4- 6 |  7- 9 | 10-12 || total
-------------------------+-------+-------+-------+-------++-------
Melee: Mace              |   111 |   230 |   569 |   474 ||  1384
       Punch             |     2 |     4 |     2 |       ||     8
Invok: Depart the Abyss  |     1 |       |       |       ||     1
       Bend Space        |       |     1 |       |     1 ||     2
       Banish            |       |       |     2 |     6 ||     8
Evoke: Wand              |       |       |       |     4 ||     4
  Use: Scroll            |       |       |    14 |     5 ||    19
       Potion            |       |       |     2 |     2 ||     4
 Stab: Invisible         |       |       |     3 |       ||     3
Armor: Leather armour    |    67 |    76 |       |       ||   143
       Chain mail        |       |    71 |   315 |   181 ||   567
Dodge: Dodged            |    63 |   138 |   258 |   206 ||   665
Block: Kite shield       |       |       |   248 |   253 ||   501
